 Dungeon Crawl Stone Soup version 0.32-a0-450-g080537f31e (webtiles) character file.

Game seed: 4414636853210716959

400808 Sobieck the Slayer (level 23, -18/203 HPs)
             Began as a Coglin Brigand on Feb 22, 2024.
             Was an Initiate of Gozag.
             Demolished by a vault warden
             ... wielding a +0 glaive of venom
              (23 damage)
             ... on level 5 of the Vaults on Feb 23, 2024.
             The game lasted 01:40:29 (46155 turns).

Sobieck the Slayer (Coglin Brigand)                Turns: 46155, Time: 01:40:30

Health: -18/203    AC: 13    Str: 12    XL:     23   Next: 30%
Magic:  10/10      EV: 32    Int: 20    God:    Gozag
Gold:   4758       SH:  0    Dex: 30    Spells: 22/22 levels left

rFire   + . .        u - +0 hand cannon (heavy) {Publius}
rCold   + + .        t - +1 sling (antimagic) {Imanvir}
rNeg    + + .        C - +4 leather armour of Vehumet's Condemnation {rElec Int+2}
rPois   +            i - +1 helmet "Cuzukhlawk" {*Corrode rElec rN+ Will++}
rElec   +            K - scarf {repulsion}
rCorr   +            Y - +3 pair of gauntlets of War {Slay+5}
SInv    +            a - +1 pair of boots of the Monkey's Uncle {rN+ rCorr SInv}
Will    ++++.        r - amulet of Relativism {rPois Regen+}
Stlth   +++          N - ring of Limitation {rC+ Will+ MP+9 Int+5}
HPRegen 1.33/turn    w - +6 ring of dexterity
MPRegen 0.12/turn

%: corrode self (3%), repel missiles
@: mighty, lethally poisoned (-18 -> -19), resistant, corroded, gold aura,
immotile, hasted, revved, very quick
A: off-hand wielding, slow wielding, warmup strikes, legs shutdown,
deterioration 1
}: 2/15 runes: serpentine, barnacled
a: Renounce Religion, Potion Petition, Call Merchant, Bribe Branch


You were on level 5 of the Vaults.
You worshipped Gozag.
Gozag was most pleased with you.
You visited 8 branches of the dungeon, and saw 39 of its levels.
You visited the Abyss 1 time.
You also visited: Bailey, Ice Cave and Desolation.

You collected 18507 gold pieces.
You spent 4039 gold pieces at shops.
You paid 9710 gold pieces to Gozag.

Inventory:

Hand Weapons
 t - a +1 antimagic sling (offhand) {Imanvir}
 u - a +0 heavy hand cannon (weapon) {Publius}
Armour
 a - the +1 pair of boots of the Monkey's Uncle (worn) {rN+ rCorr SInv}
   (You bought it in a shop on level 3 of the Elven Halls)

   rN+:       It protects you from negative energy.
   SInv:      It lets you see invisible.
   rCorr:     It protects you from acid and corrosion.
 i - the +1 helmet "Cuzukhlawk" (worn) {*Corrode rElec rN+ Will++}
   (You found it on level 1 of the Lair of Beasts)

   rElec:     It insulates you from electricity.
   rN+:       It protects you from negative energy.
   Will++:    It greatly increases your willpower.
   *Corrode:  It may corrode you when you take damage.
 C - the +4 leather armour of Vehumet's Condemnation (worn) {rElec Int+2}
   (You bought it in a shop on level 5 of the Dungeon)

   Int+2:     It affects your intelligence (+2).
   rElec:     It insulates you from electricity.
 F - the +2 acid dragon scales "Qiniutuq" {rF++ rCorr Str+4 Int-5}
   (You found it in the Desolation of Salt)

   Str+4:     It affects your strength (+4).
   Int-5:     It affects your intelligence (-5).
   rF++:      It greatly protects you from fire.
   rCorr:     It protects you from acid and corrosion.
 K - a scarf of repulsion (worn)
 L - the +0 cloak of Temperance {Fly rCorr Str+4}
   (You found it on level 4 of the Snake Pit)

   Str+4:     It affects your strength (+4).
   Fly:       It grants you flight.
   rCorr:     It protects you from acid and corrosion.
 Y - the +3 pair of gauntlets of War (worn) {Slay+5}
   (You found it on level 3 of the Lair of Beasts)

   Slay+5:    It affects your accuracy & damage with ranged weapons and melee
   (+5).
Jewellery
 c - a ring of protection from cold
 g - a ring of resist corrosion
 m - the amulet "Usocophu" {rF+ rC+ Regen+}
   (You found it in the Desolation of Salt)

   [amulet of regeneration]

   rF+:       It protects you from fire.
   rC+:       It protects you from cold.
   Regen+:    It increases your rate of health regeneration.
 n - a ring of positive energy
 o - a ring of poison resistance
 r - the amulet of Relativism (around neck) {rPois Regen+}
   (You bought it in a shop on level 3 of the Elven Halls)

   [amulet of regeneration]

   rPois:     It protects you from poison Regen+: It increases your rate of
   health regeneration.
 w - a +6 ring of dexterity (right grasper)
 N - the ring of Limitation (left grasper) {rC+ Will+ MP+9 Int+5}
   (You bought it in a shop on level 2 of the Elven Halls)

   [ring of magical power]

   Int+5:     It affects your intelligence (+5).
   rC+:       It protects you from cold.
   Will+:     It increases your willpower.
   MP+9:      It affects your magic capacity (+9).
 Z - the ring "Vehy Viorit" {rElec EV+5 Str+2 Stlth-}
   (You took it off an imperial myrmidon in the Desolation of Salt)

   [ring of evasion]

   EV+5:      It affects your evasion (+5).
   Str+2:     It affects your strength (+2).
   rElec:     It insulates you from electricity.
   Stlth-:    It makes you less stealthy.
Wands
 d - a wand of mindburst (17)
 f - a wand of quicksilver (15)
 v - a wand of roots (43)
 D - a wand of digging (17)
 P - a wand of paralysis (30)
 V - a wand of flame (85)
Scrolls
 b - a scroll of silence {!r}
 e - 2 scrolls of blinking
 k - 2 scrolls of fear
 z - 6 scrolls of noise
 E - 8 scrolls of immolation
 I - 10 scrolls of revelation
 J - a scroll of enchant armour
 M - 3 scrolls of vulnerability
 R - 20 scrolls of identify
 S - 8 scrolls of fog
 T - 6 scrolls of teleportation
 W - 10 scrolls of poison
Potions
 h - a potion of ambrosia
 j - 12 potions of might
 l - a potion of berserk rage
 q - 6 potions of invisibility
 s - 3 potions of enlightenment
 x - 2 potions of magic
 y - 6 potions of lignification
 A - 8 potions of brilliance
 B - 8 potions of mutation
 G - 8 potions of attraction
 H - 3 potions of haste
 Q - 20 potions of curing
Miscellaneous
 O - a condenser vane
 U - a phial of floods
 X - a box of beasts


   Skills:
 - Level 22.0 Fighting
 - Level 1.7 Short Blades
 - Level 18.0 Ranged Weapons
 - Level 1.7 Throwing
 - Level 18.0 Armour
 + Level 18.9 Dodging
 - Level 3.2 Stealth
 - Level 12.0 Evocations


You had 22 spell levels left.
You didn't know any spells.
Your spell library contained the following spells:

 Spells                   Type           Power      Damage    Failure   Level
 Apportation              Tloc           0%         N/A       22%         1
 Freeze                   Ice            0%         1d3       22%         1
 Kiss of Death            Conj/Necr      0%         2d5       22%         1
 Magic Dart               Conj           0%         1d3       22%         1
 Necrotise                Necr           0%         1d4       22%         1
 Sandblast                Erth           0%         2d4       22%         1
 Shock                    Conj/Air       0%         1d3       22%         1
 Sting                    Conj/Alch      0%         1d3       22%         1
 Summon Small Mammal      Summ           0%         N/A       22%         1
 Blink                    Tloc           0%         N/A       32%         2
 Call Imp                 Summ           0%         N/A       32%         2
 Ensorcelled Hibernation  Hex/Ice        0%         N/A       32%         2
 Lesser Beckoning         Tloc           0%         N/A       32%         2
 Mercury Vapours          Alch/Air       0%         N/A       32%         2
 Momentum Strike          Conj/Tloc      0%         3d8       32%         2
 Searing Ray              Conj           0%         2d4       32%         2
 Static Discharge         Conj/Air       0%         3-3/arc   32%         2
 Call Canine Familiar     Summ           0%         N/A       54%         3
 Confusing Touch          Hex            0%         N/A       54%         3
 Frozen Ramparts          Ice            0%         1d1       54%         3
 Gell's Gravitas          Tloc           0%         N/A       54%         3
 Hailstorm                Conj/Ice       0%         3d5       54%         3
 Inner Flame              Hex/Fire       0%         N/A       54%         3
 Passwall                 Erth           0%         N/A       54%         3
 Stone Arrow              Conj/Erth      0%         3d7       54%         3
 Summon Ice Beast         Ice/Summ       0%         N/A       54%         3
 Teleport Other           Tloc           0%         N/A       54%         3
 Airstrike                Air            0%         2d(0-16)  91%         4
 Brom's Barrelling Bould  Conj/Erth      0%         2d3       91%         4
 Dispel Undead            Necr           0%         3d6       91%         4
 Fulminant Prism          Conj/Alch      0%         3d5       91%         4
 Iskenderun's Mystic Bla  Conj/Tloc      0%         2d3       91%         4
 Olgreb's Toxic Radiance  Alch           0%         N/A       91%         4
 Sticky Flame             Fire/Alch      0%         2d4       91%         4
 Summon Blazeheart Golem  Fire/Summ      0%         N/A       91%         4
 Summon Lightning Spire   Summ/Air       0%         N/A       91%         4
 Vhi's Electric Charge    Tloc/Air       0%         N/A       91%         4
 Arcjolt                  Conj/Air       0%         1d10      99%         5
 Borgnjor's Vile Clutch   Necr/Erth      0%         N/A       99%         5
 Fireball                 Conj/Fire      0%         3d3       99%         5
 Freezing Cloud           Conj/Ice/Air   0%         6-21      99%         5
 Iskenderun's Battlesphe  Conj           0%         2d6       99%         5
 Summon Mana Viper        Hex/Summ       0%         N/A       99%         5
 Conjure Ball Lightning   Conj/Air       0%         3x3d6     100%        6
 Death Channel            Necr           0%         N/A       100%        6
 Plasma Beam              Fire/Air       0%         2x1d10    100%        6
 Enfeeble                 Hex            0%         N/A       100%        7
 Monstrous Menagerie      Summ           0%         N/A       100%        7
 Orb of Destruction       Conj           0%         9d5       100%        7
 Summon Hydra             Summ           0%         N/A       100%        7
 Discord                  Hex            0%         N/A       100%        8
 Chain Lightning          Conj/Air       0%         N/A       100%        9
 Fire Storm               Conj/Fire      0%         5d1       100%        9
 Shatter                  Erth           0%         3d5*      100%        9
 Animate Dead             Necr           Unusable   N/A       N/A         4

Dungeon Overview and Level Annotations

Branches:
Dungeon (15/15)            Temple (1/1) D:5            Lair (5/5) D:11
 Shoals (4/4) Lair:3        Snake (4/4) Lair:2        Slime (0/5) Lair:4
    Orc (2/2) D:11            Elf (3/3) Orc:2        Vaults (5/5) D:14
  Crypt (0/3) Vaults:2     Depths (0/4) D:15         Bailey (visited)
  IceCv (visited)         Desolation (visited)

Altars:
Ashenzari
Cheibriados
Dithmenos
Elyvilon
Fedhas
Gozag
Hepliaklqana
Kikubaaqudgha
Makhleb
Nemelex Xobeh
Okawaru
Qazlal
Ru
Sif Muna
Trog
Uskayaw
Vehumet
Wu Jian
Xom
Yredelemnul
Zin
The Shining One
Jiyva

Shops:
D:5 [   D:8 *   D:9 [   D:10 [   Orc:2 [!(*   Elf:2 =   Elf:3 [=   Lair:5 ((*
Shoals:3 **   Shoals:4 (   Vaults:1 [   Vaults:2 [   Vaults:3 ([   Vaults:5 ?

Annotations:
D:6 1 runed translucent door, Crazy Yiuf
D:12 3 runed translucent doors, cordlesssteve's ghost, journeyman KoHu
Elf:2 3 runed translucent doors
Vaults:5 !GONOT


Innate Abilities, Weirdness & Mutations

You can wield a second weapon in your off-hand.
It takes a long time for you to wield or remove held weapons.
Your first few attacks do less damage.
Attacking and casting redirects power from your legs.
Your body sometimes deteriorates upon taking damage.


Message History

The deep troll claws you but does no damage.
The deep troll closely misses you. The deep troll completely misses you.
The deep troll misses you.
The deep troll claws you but does no damage.
The vault warden hits you from afar with a +0 glaive of venom!
* * * LOW HITPOINT WARNING * * *
You are poisoned.
Fire: u) +0 hand cannon (heavy) {Publius}
Press: ? - help, Q - select action Shift-Dir - straight line, f/p - deep troll
Aim: a deep troll (severely wounded, 81% to hit)
You shoot a bolt. The bolt barely misses the deep troll.
You shoot a sling bullet.
The sling bullet hits the deep troll but does no damage.
The deep troll is severely wounded.
You feel very sick. The deep troll closely misses you.
The deep troll barely misses you.
The deep troll completely misses you. x4
The vault warden hits you from afar with a +0 glaive of venom!
* * * LOW HITPOINT WARNING * * *
Fire: u) +0 hand cannon (heavy) {Publius}
Press: ? - help, Q - select action Shift-Dir - straight line, f/p - deep troll
Aim: a deep troll (severely wounded, 81% to hit)
You shoot a sling bullet. The sling bullet hits the deep troll.
The deep troll is severely wounded.
You shoot a bolt. The bolt hits the deep troll!
You kill the deep troll!
You feel sick.
Fire: u) +0 hand cannon (heavy) {Publius}
Press: ? - help, Q - select action Shift-Dir - straight line, f - deep troll
Aim: a deep troll (81% to hit)
You shoot a bolt. The bolt hits the deep troll!
The deep troll is moderately wounded.
You shoot a sling bullet.
The sling bullet closely misses the deep troll.
You feel sick. The deep troll bites you.
* * * LOW HITPOINT WARNING * * *
The deep troll completely misses you. x2
The vault warden hits you from afar with a +0 glaive of venom!!
* * * LOW HITPOINT WARNING * * *
Fire: u) +0 hand cannon (heavy) {Publius}
Press: ? - help, Q - select action Shift-Dir - straight line, f/p - deep troll
Aim: a deep troll (magical condensation, lightly wounded, 81% to hit)
You shoot a sling bullet. The sling bullet hits the deep troll.
The deep troll is moderately wounded.
You shoot a bolt. The bolt hits the deep troll!!!
You kill the deep troll!
You feel very sick.
The vault warden hits you from afar with a +0 glaive of venom!!
You die...
Your body crumbles into a pile of gold.

#..# ... #..# .p.
#..# #.. .#..#
#... ..#..#
#...#####..#..#
#..........#○○#
'##......$...#○@#
Q...........p☼○#
###########....#
.p.w..# ........#
........#
........#
####....#


You could see a vault warden, a vault guard and a swamp worm.

Vanquished Creatures
  2 ancient liches (Vaults:5)
  Saint Roka (Snake:2)
  Margery (Vaults:2)
  A profane servitor (Abyss:2)
  Jorgrun (Snake:2)
  A deep elf master archer (Elf:3)
  A quicksilver dragon (Vaults:5)
  A searing wretch (Vaults:2)
  4 titans (Vaults:5)
  A deep elf blademaster (Elf:3)
  Frances (D:12)
  2 sphinxes (Vaults:1)
  A storm dragon (Vaults:5)
  2 shadow dragons (Vaults:5)
  Agnes (Elf:1)
  A tengu reaver (Vaults:5)
  A fire giant (Vaults:5)
  Aizul (Snake:2)
  17 vault wardens
  9 nagarajas
  2 frost giants (Vaults:5)
  An iron dragon (Vaults:5)
  6 deep elf elementalists (Elf:3)
  2 deep elf sorcerers
  An imperial myrmidon (Desolation)
  3 formless jellyfish
  A reaper (IceCv)
  14 ironbound preservers
  4 stone giants
  4 ironbound thunderhulks
  A very ugly thing (Vaults:2)
  8 deep elf demonologists
  5 deep elf annihilators (Elf:3)
  10 dire elephants
  6 deep elf death magi
  3 halazid warlocks (Desolation)
  3 war gargoyles (Vaults:4)
  Snorg (D:14)
  4 crystal guardians
  3 ettins
  7 merfolk impalers
  3 merfolk javelineers (Shoals:4)
  5 ragged hierophants (Desolation)
  6 deep elf high priests
  5 entropy weavers
  4 great orbs of eyes
  A salamander tyrant (Snake:4)
  18 yaktaur captains
  15 peacekeepers
  26 vault guards
  2 catoblepae
  5 hydras
  6 ironbound frosthearts
  5 servants of whispers (Desolation)
  An ogre mage (Orc:1)
  5 centaur warriors (Vaults:1)
  9 anacondas
  5 merfolk avatars
  5 merfolk aquamancers
  12 dancing weapons
  3 boulder beetles
  4 satyrs
  A two-headed ogre (shapeshifter) (Vaults:5)
  3 alligator snapping turtles (Shoals:4)
  6 orc high priests (Orc:2)
  A thrashing horror (Abyss:2)
  Urug (Lair:3)
  6 two-headed ogres
  12 death yaks
  16 naga warriors
  10 naga sharpshooters
  5 hell knights
  7 shock serpents
  2 wretched stars (Abyss:2)
  15 deep elf knights
  11 sea snakes
  3 skeletal warriors (D:15)
  A sixfirhy (Abyss:2)
  37 deep trolls
  3 salamander mystics
  7 mana vipers
  4 large abominations (Abyss:2)
  A skyshark (Shoals:1)
  16 slime creatures
  7 arcanists
  A glowing orange brain (Vaults:1)
  15 lindwurms
  A flayed ghost (Abyss:2)
  18 ironbound convokers
  A phantasmal warrior (Vaults:2)
  14 deep elf archers
  5 starcursed masses (Abyss:2)
  8 naga ritualists
  12 fauns
  13 harpies
  5 necromancers
  24 deep elf pyromancers
  A tengu skeleton (Vaults:2)
  26 deep elf zephyrmancers
  4 orc sorcerers
  11 orc knights (Orc:2)
  34 ugly things
  3 cyclopes
  17 manticores
  A manticore (shapeshifter) (Vaults:3)
  13 guardian serpents
  8 elephants (Lair:3)
  5 merfolk sirens
  A stone giant skeleton (Vaults:2)
  10 salamanders
  2 worldbinders (Abyss:2)
  6 water nymphs
  15 naga magi
  27 black mambas
  18 vault sentinels
  An orange demon (Abyss:2)
  A torpor snail (Lair:5)
  7 cane toads
  A smoke demon (Abyss:2)
  5 komodo dragons
  An unseen horror (D:12)
  2 ice statues (IceCv)
  3 gargoyles
  3 freezing wraiths
  A rime drake (Lair:4)
  3 tengu conjurers
  49 yaktaurs
  7 ice devils (IceCv)
  3 human skeletons
  2 trolls
  8 polar bears
  7 hornets
  28 merfolk
  60 saltlings
  6 wind drakes
  A hellwing (Abyss:2)
  Grinder (D:5)
  9 dream sheep
  8 blink frogs
  A snapping turtle (shapeshifter) (Vaults:5)
  10 snapping turtles
  14 spriggans
  8 air elementals
  35 yaks
  A ynoxinul (Abyss:2)
  2 dire elephant simulacra (IceCv)
  A small abomination (Abyss:2)
  A spriggan (shapeshifter) (Elf:2)
  8 basilisks
  11 water elementals
  5 wraiths
  3 wyverns (Lair:2)
  17 humans (D:14)
  A warg (Snake:2)
  5 fire elementals
  12 vampire mosquitoes
  A neqoxec (Abyss:2)
  A chaos spawn (Abyss:2)
  2 death yak simulacra (IceCv)
  3 redbacks (Vaults:2)
  32 nagas
  A human simulacrum (Vaults:3)
  A harpy simulacrum (IceCv)
  A glowing shapeshifter zombie (Vaults:3)
  Menkaure (D:6)
  2 acid dragons
  17 water moccasins
  Edmund (D:6)
  32 orc warriors
  An ice beast (D:6)
  8 black bears
  A laughing skull (Abyss:2)
  4 boggarts (Lair:5)
  6 ogres
  8 centaurs
  23 wolves
  A phantom (D:6)
  2 kobold brigands
  12 bullfrogs
  A gnoll sergeant (D:10)
  8 earth elementals
  3 scorpions
  A cane toad simulacrum (IceCv)
  9 wights
  2 elephant simulacra (IceCv)
  6 killer bees (D:6)
  5 electric eels
  8 howler monkeys
  A quasit (Abyss:2)
  5 jellies
  22 orc priests
  3 bombardier beetles
  2 hounds
  4 sleepcaps
  4 iguanas
  Ijyb (D:3)
  Natasha (thrice) (D:3)
  11 orc wizards
  3 spriggan simulacra (IceCv)
  A troll simulacrum (IceCv)
  18 gnolls
  6 adders
  A naga simulacrum (IceCv)
  2 shadow imps
  8 white imps
  3 ufetubi
  A ribbon worm (D:2)
  A dart slug (D:3)
  81 orcs
  7 bats
  5 endoplasms
  A giant cockroach (D:1)
  6 goblins
  4 hobgoblins
  3 jackals (D:4)
  3 quokkas
  7 ball pythons
  6 frilled lizards
  29 kobolds
  5 rats (D:1)
1591 creatures vanquished.

Vanquished Creatures (collateral kills)
  Josephine (Lair:3)
  A troll (Snake:2)
  A wraith (Lair:3)
  A warg (Snake:2)
  6 orcs (Snake:2)
10 creatures vanquished.

Vanquished Creatures (others)
  A deep troll (Vaults:4)
  A golden eye (Abyss:2)
  A sky beast (D:7)
  A butterfly (Lair:3)
4 creatures vanquished.

Grand Total: 1605 creatures vanquished

Notes
Turn   | Place    | Note
-------+----------+-------------------------------------------
     0 | D:1      | Sobieck the Coglin Brigand began the quest for the Orb.
     0 | D:1      | Reached XP level 1. HP: 16/16 MP: 1/1
    11 | D:1      | Reached skill level 1 in Dodging
   132 | D:1      | Reached XP level 2. HP: 22/22 MP: 2/2
   757 | D:1      | Reached XP level 3. HP: 22/28 MP: 3/3
   984 | D:2      | Reached skill level 3 in Fighting
  1190 | D:2      | Reached XP level 4. HP: 35/35 MP: 4/4
  1538 | D:3      | Found a radiant altar of Vehumet.
  1556 | D:3      | Noticed Ijyb
  1565 | D:3      | Paralysed by Ijyb for 4 turns
  1567 | D:3      | Killed Ijyb
  1568 | D:3      | Reached skill level 3 in Dodging
  1593 | D:3      | Noticed Natasha
  1602 | D:3      | Killed Natasha
  1666 | D:3      | Noticed Natasha
  1671 | D:3      | Killed Natasha
  1672 | D:3      | Reached skill level 4 in Fighting
  1672 | D:3      | Reached XP level 5. HP: 33/42 MP: 5/5
  1800 | D:3      | Found a faded altar of an unknown god.
  2122 | D:3      | Noticed Natasha
  2129 | D:3      | Killed Natasha
  2268 | D:3      | Reached skill level 1 in Ranged Weapons
  2437 | D:4      | Reached XP level 6. HP: 30/48 MP: 6/6
  2613 | D:4      | Noticed a black bear
  2628 | D:4      | Killed a black bear
  2635 | D:4      | Found a hide-covered altar of Uskayaw.
  2767 | D:4      | Reached skill level 3 in Ranged Weapons
  2833 | D:4      | Reached XP level 7. HP: 51/54 MP: 7/7
  3190 | D:4      | Found a bloodstained altar of Trog.
  3277 | D:5      | Entered Level 5 of the Dungeon
  3500 | D:5      | Found Dex Kuh's Armour Boutique.
  3647 | D:5      | Reached XP level 8. HP: 53/60 MP: 8/8
  3681 | D:5      | Reached skill level 6 in Ranged Weapons
  3857 | D:5      | Found an ancient bone altar of Kikubaaqudgha.
  4175 | D:5      | Found a staircase to the Ecumenical Temple.
  4188 | Temple   | Entered the Ecumenical Temple
  4198 | Temple   | Became a worshipper of Gozag Ym Sagoz the Greedy
  4358 | D:6      | Found a shimmering blue altar of Sif Muna.
  4368 | D:6      | Noticed Edmund
  4389 | D:6      | Killed Edmund
  4434 | D:5      | Bought a +0 pair of gloves of dexterity for 138 gold pieces
  4749 | D:6      | Found a shadowy altar of Dithmenos.
  4785 | D:6      | Reached XP level 9. HP: 52/65 MP: 9/9
  4790 | D:6      | Reached skill level 9 in Ranged Weapons
  4997 | D:6      | Found a runed translucent door.
  4998 | D:6      | Noticed Crazy Yiuf
  5132 | D:6      | Noticed Grinder
  5192 | D:6      | Paralysed by Grinder for 5 turns
  5240 | D:5      | Killed Grinder
  5318 | D:6      | Noticed Menkaure
  5354 | D:6      | Killed Menkaure
  5666 | D:6      | Found a glowing silver altar of Zin.
  5834 | D:6      | Found a white marble altar of Elyvilon.
  5989 | D:6      | Reached skill level 5 in Fighting
  6165 | D:7      | Found a snail-covered altar of Cheibriados.
  6204 | D:7      | Found a flagged portal.
  6213 | Bailey   | Entered a bailey
  6484 | Bailey   | Reached XP level 10. HP: 47/74 MP: 10/10
  7245 | D:8      | Reached skill level 6 in Fighting
  7563 | D:8      | Found Utsuw's General Store.
  7570 | D:8      | Bought a potion of might for 52 gold pieces
  7570 | D:8      | Bought a scroll of enchant weapon for 97 gold pieces
  7602 | D:8      | Found a burning altar of Makhleb.
  8154 | D:9      | Found Dolillos's Antique Armour Shoppe.
  8511 | D:10     | Entered Level 10 of the Dungeon
  8659 | D:10     | Reached skill level 12 in Ranged Weapons
  8872 | D:10     | Noticed a gargoyle
  8906 | D:10     | Killed a gargoyle
  8907 | D:10     | Reached skill level 7 in Fighting
  9346 | D:10     | Found a snail-covered altar of Cheibriados.
  9346 | D:10     | Found Cheibriados's Comfort Zone.
  9599 | D:10     | Reached skill level 9 in Fighting
  9599 | D:10     | Reached XP level 11. HP: 89/89 MP: 11/11
  9600 | D:10     | Reached skill level 10 in Fighting
  9600 | D:10     | Reached skill level 6 in Evocations
  9600 | D:10     | Reached XP level 12. HP: 98/98 MP: 12/12
  9695 | D:11     | Found a staircase to the Lair.
  9728 | D:11     | Reached skill level 6 in Dodging
  9752 | D:11     | Reached XP level 13. HP: 104/104 MP: 13/13
  9904 | D:5      | Bought the +4 leather armour of Vehumet's Condemnation
                  | {rElec Int+2} for 482 gold pieces
 10045 | D:11     | Upgraded the game from 0.32-a0-433-g08bcfe7efd to
                  | 0.32-a0-450-g080537f31e
 10085 | D:11     | Found a staircase to the Orcish Mines.
 10707 | Orc:1    | Entered Level 1 of the Orcish Mines
 10707 | Orc:1    | Noticed an ettin
 10723 | D:11     | Killed an ettin
 11070 | Orc:2    | Entered Level 2 of the Orcish Mines
 11220 | Orc:2    | Reached skill level 11 in Fighting
 11465 | Orc:2    | Gained mutation: Your body sometimes deteriorates upon
                  | taking damage. [a neqoxec]
 11622 | Orc:2    | Paralysed by an orc sorcerer for 2 turns
 11803 | Orc:2    | Reached skill level 12 in Fighting
 12155 | Orc:2    | HP: 1/109 [orc warrior/+0 scimitar (19)]
 12597 | Orc:2    | Found a staircase to the Elven Halls.
 12632 | Orc:2    | Reached skill level 13 in Fighting
 12765 | Orc:1    | Reached XP level 14. HP: 118/118 MP: 14/14
 12772 | Orc:1    | Reached skill level 9 in Evocations
 13075 | Orc:2    | Found Caveg's Assorted Antiques.
 13075 | Orc:2    | Found Tuhuxkim's Armour Shop.
 13076 | Orc:2    | Found Soge's Distillery.
 13076 | Orc:2    | Found Noateys's Antique Weapon Shop.
 13087 | Orc:2    | Bought a scroll labelled ZAJOSU VAITSU for 32 gold pieces
 13093 | Orc:2    | Bought a potion of mutation for 136 gold pieces
 13093 | Orc:2    | Bought a potion of lignification for 51 gold pieces
 13096 | Orc:2    | Bought 2 scrolls of enchant armour for 480 gold pieces
 13208 | Lair:1   | Entered Level 1 of the Lair of Beasts
 13724 | Lair:1   | Identified the +1 helmet "Cuzukhlawk" {*Corrode rElec rN+
                  | Will++}
 13865 | Lair:1   | Reached skill level 9 in Dodging
 14775 | Lair:2   | Reached skill level 14 in Fighting
 15095 | Lair:2   | Found a staircase to the Snake Pit.
 15772 | Lair:3   | Found the +3 pair of gauntlets of War {Slay+5}
 15978 | Lair:3   | Noticed Urug
 15988 | Lair:3   | Killed Urug
 16348 | Lair:3   | Identified the maw talisman of the Rhinotaur {Dex+3 SInv
                  | Stlth+}
 16368 | Lair:3   | Found a staircase to the Shoals.
 16454 | Lair:4   | Noticed Josephine
 16469 | Lair:3   | Killed Josephine
 16581 | Lair:4   | Found a viscous altar of Jiyva.
 16581 | Lair:4   | Found a staircase to the Slime Pits.
 16677 | Lair:4   | Reached skill level 12 in Evocations
 16903 | Lair:4   | Found a frozen archway.
 16916 | Lair:4   | Reached XP level 15. HP: 127/127 MP: 15/15
 16941 | IceCv    | Entered an ice cave
 17295 | IceCv    | Reached skill level 15 in Fighting
 18010 | IceCv    | Got the Encyclopedia of Creative Malisons
 18525 | Lair:4   | Found the +4 robe of Folly {Brill Will-∞ Int+8}
 18739 | Lair:5   | Entered Level 5 of the Lair of Beasts
 19556 | Lair:5   | Reached skill level 16 in Fighting
 19668 | Lair:5   | Reached skill level 12 in Dodging
 19993 | D:12     | Noticed Frances
 20003 | D:12     | Killed Frances
 20213 | D:12     | Found a runed translucent gate.
 20213 | D:12     | Found a runed translucent gate.
 20213 | D:12     | Found a runed translucent gate.
 20791 | D:12     | Noticed cordlesssteve's ghost (journeyman KoHu)
 21064 | D:13     | Reached XP level 16. HP: 139/139 MP: 16/16
 21471 | D:14     | Reached skill level 17 in Fighting
 21837 | D:14     | Noticed Snorg
 21845 | D:14     | Killed Snorg
 22105 | D:14     | Found a gate to the Vaults.
 22978 | D:15     | Entered Level 15 of the Dungeon
 22991 | D:15     | Identified the +2 flail "Qolaitiy" {heavy, rPois}
 23230 | D:15     | Found a staircase to the Depths.
 23791 | Shoals:1 | Entered Level 1 of the Shoals
 23795 | Shoals:1 | Identified the +2 shortbow "Irum" {heavy, rC+ Int+4}
 23941 | Shoals:1 | Reached skill level 18 in Fighting
 24068 | Shoals:1 | Reached skill level 1 in Armour
 24772 | Shoals:2 | Reached skill level 3 in Armour
 24856 | Shoals:2 | Reached XP level 17. HP: 150/150 MP: 17/17
 25862 | Shoals:3 | Found Divega's Overcharged Wands.
 26329 | Shoals:4 | Entered Level 4 of the Shoals
 26687 | Shoals:4 | Identified the +12 hand axe of the Rattlesnake {flame, Fly
                  | rF+ Will+ Str-3}
 26726 | Shoals:4 | Reached skill level 15 in Dodging
 26882 | Shoals:4 | Reached skill level 19 in Fighting
 26982 | Shoals:4 | Identified the +10 morningstar of the Snake Pit {flame,
                  | Str+3}
 26993 | Shoals:4 | Reached skill level 6 in Armour
 27156 | Shoals:4 | Got a barnacled rune of Zot
 28032 | Shoals:4 | Bought a +1 antimagic sling for 195 gold pieces
 28164 | Snake:1  | Entered Level 1 of the Snake Pit
 28327 | Snake:1  | Identified the +9 dagger "Beastbane" {freeze, rF+ Int+3}
 28541 | Snake:1  | Got Sif Muna's Octavo of Fetid Guile
 29083 | Snake:2  | Reached XP level 18. HP: 157/160 MP: 9/18
 29364 | Snake:2  | Noticed Saint Roka
 29421 | Snake:2  | Killed Saint Roka
 29740 | Snake:2  | Identified the serpent talisman "Orghy" {*Corrode rC+ rN+
                  | Dex+4}
 29740 | Snake:2  | Noticed Aizul
 29757 | Snake:2  | Killed Aizul
 29892 | Snake:2  | Noticed Jorgrun
 29900 | Snake:2  | Killed Jorgrun
 30684 | Snake:3  | Reached skill level 20 in Fighting
 31706 | Snake:3  | Reached skill level 9 in Armour
 32673 | Elf:1    | Entered Level 1 of the Elven Halls
 32943 | Elf:1    | Paralysed by an air elemental for 1 turns
 32966 | Elf:1    | Reached XP level 19. HP: 167/170 MP: 9/19
 33209 | Elf:1    | Noticed Agnes
 33217 | Elf:1    | Killed Agnes
 33315 | Elf:1    | Paralysed by an air elemental for 1 turns
 34088 | Abyss:2  | Cast into level 2 of the Abyss (+3 halberd of distortion)
 34165 | Abyss:2  | Found a corrupted altar of Lugonu.
 34395 | Abyss:2  | Noticed a profane servitor
 34412 | Abyss:2  | Killed a profane servitor
 34765 | Elf:2    | Escaped the Abyss
 34903 | Elf:2    | Reached skill level 21 in Fighting
 34922 | Elf:2    | Found a runed translucent gate.
 34929 | Elf:2    | Found a runed translucent gate.
 34929 | Elf:2    | Found a runed translucent gate.
 34944 | Elf:2    | Identified the +1 dagger of Raoxkaod {drain, rN++}
 34979 | Elf:2    | Found Qax Beq's Jewellery Emporium.
 34996 | Elf:2    | Bought an amulet of regeneration for 450 gold pieces
 34996 | Elf:2    | Bought the ring of Limitation {rC+ Will+ MP+9 Int+5} for
                  | 751 gold pieces
 35224 | Elf:3    | Entered Level 3 of the Elven Halls
 35539 | Elf:3    | Found Qaetwut's Antique Armour Shoppe.
 35542 | Elf:3    | Bought a pair of warped boots for 351 gold pieces
 35542 | Elf:3    | Identified the +1 pair of boots of the Monkey's Uncle {rN+
                  | rCorr SInv} (You bought it in a shop on level 3 of the
                  | Elven Halls)
 36379 | Elf:3    | Identified the +5 great mace of Fury {freeze, rPois}
 36423 | Elf:3    | Reached XP level 20. HP: 138/180 MP: 9/20
 37159 | Elf:3    | Identified the staff "Lacertilianslayer" {rF+ Str+5 Int-5
                  | Stlth+ Hexes Fire}
 37169 | Elf:3    | Identified the staff "Pivva" {rPois rC+ Stlth- Fire Ice}
 37171 | Elf:3    | Got the Compendium of Refulgent Location
 37173 | Elf:3    | Got the Secrets of Venin and the Barrage
 37190 | Elf:3    | Identified the +6 falchion of the Blessed Realm {flame, rF+
                  | Str+4 Dex-3}
 37415 | Elf:3    | Bought the amulet of Relativism {rPois Regen+} for 824 gold
                  | pieces
 37727 | Snake:4  | Entered Level 4 of the Snake Pit
 37729 | Snake:4  | Identified the +0 cloak of Temperance {Fly rCorr Str+4}
 38105 | Snake:4  | Reached skill level 12 in Armour
 38127 | Snake:4  | Reached skill level 18 in Dodging
 38425 | Snake:4  | Got a serpentine rune of Zot
 38479 | Snake:4  | Reached skill level 22 in Fighting
 38840 | Vaults:1 | Entered Level 1 of the Vaults
 39507 | Vaults:1 | Identified the +5 scale mail "Weteuff" {Str+4 SInv}
 40338 | Vaults:1 | Found Qiuts's Antique Armour Emporium.
 40348 | Vaults:1 | Reached XP level 21. HP: 189/189 MP: 10/21
 40658 | Vaults:2 | Found Ufeummet's Antique Armour Boutique.
 40761 | Vaults:2 | Found a crumbling gateway.
 40770 | Desolati | Entered the Desolation of Salt
 41041 | Desolati | Reached skill level 15 in Ranged Weapons
 41109 | Desolati | Got the Elucidation of Pyromancy and Astrapomancy
 41124 | Desolati | Identified the +2 acid dragon scales "Qiniutuq" {rF++ rCorr
                  | Str+4 Int-5}
 41136 | Desolati | Identified the ring "Ijur" {EV+5 Str+3}
 41304 | Desolati | Identified the amulet "Usocophu" {rF+ rC+ Regen+}
 41308 | Desolati | Identified the +10 falchion of Internal Strife {freeze,
                  | *Noise rF++ SInv}
 41320 | Desolati | Identified the ring "Farin" {Fly rF- rN+ rCorr Int+2}
 41434 | Desolati | Identified the ring "Vehy Viorit" {rElec EV+5 Str+2 Stlth-}
 41522 | Desolati | Identified the +5 scale mail "Xalov" {rPois rF+}
 41533 | Desolati | Identified the amulet of Quihakel {Faith rPois Dex+4}
 41536 | Desolati | Identified the +2 chain mail "Tigosaal" {rC+ Str+4 Int+3}
 41921 | Vaults:2 | Noticed Margery
 42078 | Vaults:2 | Found a staircase to the Crypt.
 42078 | Vaults:2 | Found a basalt altar of Yredelemnul.
 42079 | Vaults:2 | Found an ancient bone altar of Kikubaaqudgha.
 42274 | Vaults:2 | Killed Margery
 42830 | Vaults:3 | You fall into a shaft and drop 1 floor!
 42992 | Vaults:4 | Reached XP level 22. HP: 179/196 MP: 10/22
 43139 | Vaults:4 | Reached skill level 18 in Ranged Weapons
 43407 | Vaults:4 | Reached skill level 15 in Armour
 45147 | Vaults:3 | Found Hif Oga's Weapon Shop.
 45158 | Vaults:3 | Found Wozir's Armour Shop.
 45336 | Vaults:5 | Entered Level 5 of the Vaults
 45599 | Vaults:5 | Noticed an ancient lich
 45607 | Vaults:5 | Killed an ancient lich
 45622 | Vaults:5 | Reached skill level 18 in Armour
 45622 | Vaults:5 | Reached XP level 23. HP: 181/203 MP: 10/23
 45640 | Vaults:5 | Noticed an ancient lich
 45645 | Vaults:5 | Killed an ancient lich
 45860 | Vaults:5 | Found Ibeva's Magic Scroll Boutique.
 46132 | Vaults:5 | Noticed a golden dragon
 46154 | Vaults:5 | HP: 7/203 [vault warden/+0 glaive of venom (21)]
 46155 | Vaults:5 | Demolished by a vault warden

Illustrated notes

Levels and vault maps discovered:
D:1:      dpeg_arrival_connections, layout_loops_ring, lexackson_kobold_supper
D:2:      layout_loops_ring
D:3:      layout_rooms, fiery_altar_vehumet, ebering_ecumenical_altar_abandoned,
          glass_columns_a, uniq_ijyb, uniq_natasha
D:4:      wander_river, layout_loops_cross, old_standard_altar,
          nicolae_overflow_crystal_walls
D:5:      layout_rooms, kiku_gazebo_pond_becter,
          minmay_temple_entry_glassed_door, serial_shops, shop,
          corexii_hall_statues_i
D:6:      kennysheep_six_static_rooms, layout_basic, lemuel_crystal_altar,
          grunt_dithmenos_shadows, mainiacjoe_overflow_catwalk,
          lemuel_doored_altar, uniq_edmund, uniq_grinder, uniq_menkaure,
          uniq_crazy_yiuf_cottage
D:7:      layout_gridville, slow_altar_1, enter_bailey_3
D:8:      layout_basic, mainiacjoe_overflow_24_doors, serial_shops, shop,
          minmay_misc_feat_roman
D:9:      layout_cave_pools, serial_shops, shop, minmay_variable_closet
D:10:     layout_cave_pools, nicolae_zen_rock_garden, minivault_10,
          minmay_shop_chei
D:11:     layout_stronghold, due_lair_maze_entry_diamond, orc_0_dummy,
          columned_hall_lemuel, minmay_misc_feat_nine_boxes
D:12:     argonaut_augean_stables, layout_loops_cross, gammafunk_ghost_icy,
          uniq_frances
D:13:     layout_rooms
D:14:     layout_basic, grunt_vaults_entry_tiered, uniq_snorg
D:15:     grunt_enter_depths_giant_problem, layout_rooms, chequers_garden,
          nrook_uturn
Temple:   hellmonk_temple_flake
Lair:1:   layout_layer_cave, lemuel_fruit_tree, lemuel_fruit_fields
Lair:2:   layout_layer_cave, minmay_snake_entry_guardpost_medium,
          grunt_megastairs_4, infiniplex_staircase_pool_2
Lair:3:   layout_chaotic_city, shoals_dummy_entry, lemuel_old_faithful,
          lemuel_fruit_fields, uniq_urug
Lair:4:   layout_cellular_growth, slime_entry_1,
          portal_ice_cave_entry_animals_and_master,
          dreamdust_deal_with_the_devil, chequers_serial_rivers_micro_e,
          grunt_forest_large_clearing_hut, grunt_megastairs_1, uniq_josephine
Lair:5:   minmay_lair_end_enchanted_forest, layout_gridlike,
          nicolae_quartered_pool_little, fungi_pond_lemuel,
          nicolae_lair_lindhole
Shoals:1: layout_shoals
Shoals:2: argonaut_golden_fleece, layout_shoals
Shoals:3: layout_shoals, nicolae_shop_overcharged_wands
Shoals:4: shoals_end_simple, layout_shoals, nicolae_shoals_circle_sea_wall
Snake:1:  layout_gridlike
Snake:2:  hangedman_cross_veins, layout_misc_corridors, nicolae_triple_integral,
          uniq_saint_roka, uniq_aizul, uniq_jorgrun
Snake:3:  nicolae_aizul_guard, layout_layer_cave, nicolae_snake_gridmaze_zigzag
Snake:4:  snake_pit, layout_onion_interference, grunt_ministairs_5
Orc:1:    layout_caves, nicolae_orc_crystal_geode
Orc:2:    st_orc_pillars, layout_diamond_mine
Elf:1:    nicolae_elf_arrival_aired_out, layout_rooms,
          minmay_elf_crystal_hexagon, st_stairs_12, uniq_agnes
Elf:2:    elven_hall_of_blades_hangedman_original [mumra_blade_entry_bloodbath],
          layout_gridlike, serial_shops, shop, nrook_loot_triangle,
          lemuel_elevator
Elf:3:    minmay_elf_hall_curves, layout_geoelf_diagonals, serial_shops, shop
Vaults:1: nicolae_vaults_variable_pillar_hall_cross,
          nicolae_vaults_little_squares_3, nicolae_vaults_door_testing_chamber,
          nicolae_vaults_puzzle_piece, ontoclasm_vaults_twist, v_misc_8,
          v_misc_16, v_misc_19, v_misc_15, hangedman_vaults_stagger,
          v_alt_pattern_2, nicolae_vaults_closet_pinwheel_6,
          nicolae_vaults_wine_cellar, nicolae_vaults_specimen_jars,
          ontoclasm_vaults_gateway, nicolae_vaults_surprise_closet_hard,
          layout_vaults_ring, serial_shops, shop
Vaults:2: portal_desolation_entry_nicolae_nacl, vaults_room_stairs_pillars,
          minmay_crypt_entry_necro_gods, nicolae_vaults_crenellated_ambush,
          vaults_room_fours, v_misc_3, nicolae_vaults_trapezoid_lopsided_3,
          vaults_dpeg_hooks, layout_vaults_omnigrid, serial_shops,
          nicolae_shop_trees, uniq_margery
Vaults:3: nicolae_vaults_circle_grid_b, nicolae_vaults_shipping_containers_4,
          v_misc_17, v_misc_14, vaults_room_large_hall, ontoclasm_vaults_pinch,
          nicolae_vaults_border_crossing, dpeg_vaults_monster_box,
          vaults_room_fours, layout_vaults_big_room, serial_shops, shop
Vaults:4: nicolae_vaults_surprise_closet, serial_ice_g,
          nicolae_vaults_twisting_passages, nicolae_vaults_octothorpe,
          vaults_standard_mumra_enter_the_diamond, grunt_vaults_swirl,
          nicolae_vaults_trapezoid_lopsided_1, vaults_dpeg_doors,
          vaults_mumra_chevron, nicolae_vaults_hallways_thing, v_pattern_1,
          v_misc_26, v_alt_pattern_1, vaults_dpeg_encased_lava,
          nicolae_vaults_tangram_2, layout_vaults_maze
Vaults:5

Skill      XL: |  1  2  3  4  5  6  7  8  9 10 11 12 13 14 15 16 17 18 19 20 21 22 |
---------------+-------------------------------------------------------------------+-----
Dodging        | 1 2 3 4 5 6 8 10 12 14 15 16 17 18 | 18.9
Fighting       | 3 4 5 9 10 13 14 16 18 19 20 21 22 | 22.0
Ranged Weapons | 2 3 5 8 11 14 17 18 | 18.0
Evocations     | 6 8 12 | 12.0
Armour         | 3 7 9 11 14 18 | 18.0
Short Blades   | |  1.7
Throwing       | |  1.7
Stealth        | |  3.2

Action                     |  1- 3 |  4- 6 |  7- 9 | 10-12 | 13-15 | 16-18 | 19-21 | 22-24 || total
---------------------------+-------+-------+-------+-------+-------+-------+-------+-------++-------
  Melee: Dagger            |    97 |    87 |   244 |       |       |       |       |       ||   428
         Short sword       |    25 |    87 |   248 |       |       |       |       |       ||   360
   Fire: Sling             |       |    17 |       |   278 |  2964 |  3042 |  2886 |   500 ||  9687
         Orcbow            |       |       |   108 |    87 |       |       |       |       ||   195
         Hand cannon       |       |       |       |       |       |       |   410 |   500 ||   910
 Invoke: Potion Petition   |       |       |       |     1 |     1 |       |     2 |     2 ||     6
         Call Merchant     |       |       |       |       |     3 |     2 |     1 |       ||     6
  Evoke: Box of beasts     |       |       |       |       |     2 |     1 |       |       ||     3
    Use: Scroll            |       |    13 |     6 |     9 |    11 |     1 |     6 |     5 ||    51
         Potion            |       |     1 |     3 |     2 |     5 |     1 |       |     6 ||    18
   Stab: Sleeping          |    11 |     1 |     5 |       |       |       |       |       ||    17
         Distracted        |       |       |     2 |       |       |       |       |       ||     2
 Armour: Robe              |    29 |    62 |     4 |       |    17 |       |       |       ||   112
         Leather armour    |       |       |   140 |    40 |   182 |   171 |   246 |   119 ||   898
         Skin              |       |       |       |    11 |       |       |       |       ||    11
  Dodge: Dodged            |    36 |    73 |   216 |    70 |   324 |   422 |   569 |   329 ||  2039
         Repelled          |       |       |       |       |       |    11 |    12 |     5 ||    28

Table legend: (Time is in decaauts)
 A = Elapsed time spent in this place.
 B = Non-inter-level travel time spent in this place.
 C = Inter-level travel time spent in this place.
 D = Time resting spent in this place.
 E = Time spent auto-exploring this place.
 F = Levels seen in this place.
 G = Mean time per level.
                   A        B        C        D        E       F      G
               +--------+--------+--------+--------+--------+-----+--------+
         Total |  45318 |  42772 |   2546 |   5333 |  27434 |  43 | 1053.9 |
       Dungeon |  14096 |  13157 |    939 |   1538 |   9123 |  15 |  939.7 |
        Temple |     20 |     10 |     10 |      0 |      0 |   1 |   20.0 |
          Lair |   5703 |   5117 |    586 |    126 |   4090 |   5 | 1140.6 |
        Shoals |   4487 |   4306 |    181 |    556 |   2718 |   4 | 1121.8 |
     Snake Pit |   5264 |   4895 |    369 |    143 |   3965 |   4 | 1316.0 |
  Orcish Mines |   2237 |   2126 |    111 |    824 |    512 |   2 | 1118.5 |
   Elven Halls |   3957 |   3842 |    115 |    958 |   2049 |   3 | 1319.0 |
        Vaults |   6315 |   6083 |    232 |    211 |   3965 |   5 | 1263.0 |
         Abyss |    639 |    639 |      0 |    238 |    272 |   1 |  639.0 |
        Bailey |    444 |    444 |      0 |     20 |    147 |   1 |  444.0 |
      Ice Cave |   1159 |   1159 |      0 |    673 |     46 |   1 | 1159.0 |
    Desolation |    992 |    992 |      0 |     43 |    545 |   1 |  992.0 |
               +--------+--------+--------+--------+--------+-----+--------+

Top non-repeatable levels by time:
   Elf:3: 2153 daAuts
 Snake:3: 1969 daAuts
Shoals:4: 1754 daAuts
   Orc:2: 1711 daAuts
    D:14: 1666 daAuts
Vaults:1: 1544 daAuts
 Snake:2: 1514 daAuts
  Lair:2: 1471 daAuts
     D:6: 1459 daAuts
Vaults:2: 1384 daAuts
Vaults:4: 1342 daAuts
  Lair:1: 1307 daAuts
     D:5: 1235 daAuts
Vaults:3: 1219 daAuts
Shoals:3: 1186 daAuts
